 Dungeon Crawl Stone Soup version 0.20.0-15-g7f486f2 (console) character file.

3171 removed the Jinx (level 9, 0/39 HPs)
             Began as a Spriggan Necromancer on June 10, 2017.
             Succumbed to a hornet's poison
             ... on level 7 of the Dungeon.
             The game lasted 00:19:11 (10285 turns).

removed the Jinx (Spriggan Necromancer)            Turns: 10285, Time: 00:19:11

Health: 0/39       AC:  2    Str:  4    XL:     9   Next: 63%
Magic:  8/22       EV: 18    Int: 19    God:
Gold:   242        SH:  0    Dex: 17    Spells: 20/24 levels left

rFire    . . .     SeeInvis +   b - +4 dagger
rCold    + . .     Gourm    .   (shield restricted)
rNeg     . . .     Faith    .   e - +0 robe
rPois    .         Spirit   .   (helmet restricted)
rElec    .         Reflect  .   (no cloak)
rCorr    .         Harm     .   (gloves unavailable)
MR       +....                  (boots unavailable)
Stlth    ++++......             D - amulet of magic regeneration
Regen    0.2/turn               q - ring of protection from cold
MPRegen  0.3/turn               (no ring)

@: lethally poisoned (0 -> -4), very quick
A: unfitting armour, see invisible, herbivore 3, speed 3, slow metabolism 2
a: no special abilities


You were on level 7 of the Dungeon.
You were full.

You visited 1 branch of the dungeon, and saw 7 of its levels.
You also visited: Sewer.

You collected 242 gold pieces.

Inventory:

Hand Weapons
 a - a +2 dagger of draining
 b - a +4 dagger (weapon)
 y - a +0 dagger of protection
 E - a +0 short sword of flaming
 K - a +0 blowgun
Missiles
 L - a throwing net (quivered)
Armour
 e - a +0 robe (worn)
Magical Staves
 m - an uncursed staff of air
Jewellery
 q - a ring of protection from cold (left hand)
 D - an amulet of magic regeneration (around neck)
Wands
 j - a wand of digging (10/24)
 z - a wand of disintegration (12/24)
 Q - a wand of enslavement (17/24)
Scrolls
 d - 5 scrolls of magic mapping
 f - a scroll of amnesia {unknown}
 h - 3 scrolls of enchant weapon {unknown}
 i - 4 scrolls of remove curse {unknown}
 l - 5 scrolls of identify {unknown}
 p - 3 scrolls of blinking {unknown}
 v - 5 scrolls of fog {unknown}
 x - 5 scrolls of teleportation
 F - a scroll of recharging {unknown}
 H - a scroll of enchant armour {unknown}
 M - a scroll of fear {unknown}
Potions
 g - a potion of resistance
 k - 2 potions of haste {unknown}
 n - 6 potions of curing {unknown}
 r - 4 potions of agility
 s - a potion of cancellation {unknown}
 t - a potion of invisibility
 u - a potion of brilliance {unknown}
 w - a potion of mutation {unknown}
 A - 2 potions of flight {unknown}
 C - a potion of lignification
 G - 2 potions of heal wounds
 J - 3 potions of might {unknown}
Books
 o - a book of Misfortune

   Spells                             Type                      Level
   a - Confusing Touch                Hexes                        1
   b - Confuse                        Hexes                        3
   c - Gell's Gravitas                Translocation                3
   d - Petrify                        Transmutation/Earth          4
   e - Metabolic Englaciation         Hexes/Ice                    5
   f - Yara's Violent Unravelling     Hexes/Transmutation          5
 I - a book of Necromancy

   Spells                             Type                      Level
   a - Pain                           Necromancy                   1
   b - Animate Skeleton               Necromancy                   1
   c - Vampiric Draining              Necromancy                   3
   d - Regeneration                   Charms/Necromancy            3
   e - Animate Dead                   Necromancy                   4
   f - Control Undead                 Necromancy                   4
 O - a book of Necromancy

   Spells                             Type                      Level
   a - Pain                           Necromancy                   1
   b - Animate Skeleton               Necromancy                   1
   c - Vampiric Draining              Necromancy                   3
   d - Regeneration                   Charms/Necromancy            3
   e - Animate Dead                   Necromancy                   4
   f - Control Undead                 Necromancy                   4
 P - a book of Geomancy

   Spells                             Type                      Level
   a - Sandblast                      Earth                        1
   b - Passwall                       Transmutation/Earth          2
   c - Stone Arrow                    Conjuration/Earth            3
   d - Petrify                        Transmutation/Earth          4
   e - Lee's Rapid Deconstruction     Earth                        5
Comestibles
 B - 2 royal jellies
 N - a bread ration


   Skills:
 + Level 7.8 Short Blades
 - Level 3.0 Dodging
 + Level 7.8 Stealth
 - Level 8.3 Spellcasting
 + Level 9.2 Hexes
 - Level 4.3 Necromancy


You had 20 spell levels left.
You knew the following spells:

 Your Spells              Type           Power        Failure   Level  Hunger
a - Pain                  Necr           ###.         1%          1    None
c - Confuse               Hex            #####...     1%          3    None


Dungeon Overview and Level Annotations

Branches:
Dungeon (7/15)             Temple (0/1) D:7

Altars:
Ashenzari
Hepliaklqana
Uskayaw


Innate Abilities, Weirdness & Mutations

You are very small and have problems with some larger weapons.
You are too small for most types of armour.
You have supernaturally acute eyesight. (SInv)
You are a herbivore.
You cover ground extremely quickly.
You need consume almost no food.


Message History

You kill the ball python!
* * * LOW HITPOINT WARNING * * *
You feel sick.
Unknown command.
Casting: Pain
Confirm with . or Enter, or press ? or * to list all spells.
Aiming: Pain
Press: ? - help, Shift-Dir - straight line, f - hornet
Aim: a hornet (lightly wounded, confused, chance to defeat MR: 77%)
The hornet writhes in agony!
Casting: Pain
Confirm with . or Enter, or press ? or * to list all spells.
Aiming: Pain
Press: ? - help, Shift-Dir - straight line, f - eye of draining
Aim: an eye of draining (chance to defeat MR: 52%)
The eye of draining writhes in agony!
* * * LOW HITPOINT WARNING * * *
You feel sick.
Unknown command.
You die...

...[..≈..# #.....# ♣..z ♣.#
#.##### ≈≈≈≈≈ ♣.# #.#
♣♣♣.....♣♣♣.# #.# #
.....G..†..# # #.#
#.##..######..#
.######.###### [....#
#.###..............
##..######............######
#..>.......@....#####.#
#...#######.###.# #.## #...#
#.# ####.#.##### ######...#
#.# # ..###....# .........#
#.# #. ###.#.###.# ###....##
#)# #.>#.......#.# #.#.##
#.# #..#.#####.#.# #.#.# #.#
#..#.# #.... # #.## #.#
#....# #...#


There were no monsters in sight!

Vanquished Creatures
  A black bear (D:6)
  An ice beast (D:6)
  2 sky beasts (D:5)
  3 phantoms
  2 ogres
  4 centaurs
  3 big kobolds (Sewer)
  4 bullfrogs (D:6)
  A water moccasin zombie (D:5)
  3 scorpions (D:6)
  6 wights
  5 crimson imps
  A bullfrog zombie (D:5)
  3 hounds
  4 orc wizards
  3 bullfrog skeletons
  A gnoll shaman (D:5)
  2 jellies (D:6)
  4 iguanas
  7 worker ants
  5 gnolls (D:5)
  15 adders
  A howler monkey skeleton (D:4)
  4 river rats
  A shadow imp (D:6)
  2 oozes
  An adder skeleton (D:6)
  An adder zombie (D:6)
  4 worms
  7 leopard geckos
  16 orcs
  5 bats
  11 giant cockroaches
  8 goblins
  2 hobgoblins (D:1)
  13 jackals
  17 kobolds
  4 quokkas
  7 ball pythons
  5 frilled lizards
  2 jackal zombies
  A leopard gecko skeleton (D:4)
  2 quokka skeletons
  25 rats
219 creatures vanquished.

Notes
Turn   | Place    | Note
-------+----------+-------------------------------------------
     0 | D:1      | removed the Spriggan Necromancer began the quest for the Orb.
     0 | D:1      | Reached XP level 1. HP: 9/9 MP: 5/5
   147 | D:1      | Reached XP level 2. HP: 7/13 MP: 2/7
   957 | D:2      | You fall through a shaft for 2 floors!
  1010 | D:4      | Reached XP level 3. HP: 14/16 MP: 4/9
  1067 | D:4      | Learned a level 3 spell: Confuse
  1242 | D:4      | Reached skill level 1 in Hexes
  1242 | D:4      | Reached XP level 4. HP: 7/21 MP: 7/11
  1582 | D:4      | Reached skill level 2 in Hexes
  1674 | D:4      | Noticed a phantom
  1723 | D:3      | Reached XP level 5. HP: 24/24 MP: 10/13
  1994 | D:3      | Reached skill level 5 in Spellcasting
  2268 | D:2      | Reached skill level 3 in Hexes
  3279 | D:3      | Found a faded altar of an unknown god.
  3679 | D:4      | Reached skill level 1 in Short Blades
  3747 | D:4      | Reached XP level 6. HP: 21/28 MP: 11/15
  4005 | D:4      | Reached skill level 4 in Hexes
  4430 | D:5      | Entered Level 5 of the Dungeon
  4511 | D:5      | Reached XP level 7. HP: 9/32 MP: 12/17
  4936 | D:5      | Reached skill level 5 in Hexes
  5141 | D:5      | Found a glowing drain.
  5147 | Sewer    | Entered a sewer
  6702 | D:5      | Reached skill level 6 in Hexes
  6757 | D:5      | Reached XP level 8. HP: 26/36 MP: 15/20
  7165 | D:5      | Reached skill level 5 in Short Blades
  7651 | D:6      | Found a hazy altar of Hepliaklqana.
  7687 | D:5      | Reached skill level 7 in Hexes
  8625 | D:6      | Found a shattered altar of Ashenzari.
  8681 | D:6      | Reached XP level 9. HP: 39/39 MP: 14/22
  8695 | D:6      | Reached skill level 5 in Stealth
  8705 | D:6      | Reached skill level 8 in Hexes
  9863 | D:7      | Reached skill level 9 in Hexes
 10120 | D:7      | Found a hide-covered altar of Uskayaw.
 10171 | D:7      | Found a staircase to the Ecumenical Temple.
 10282 | D:7      | HP: 1/39 [poisoned by a hornet]
 10285 | D:7      | Succumbed to a hornet's poison

Skill      XL: |  1  2  3  4  5  6  7  8  9 |
---------------+----------------------------+-----
Spellcasting   | 3 4 5 6 7 8 |  8.3
Necromancy     | 4 |  4.3
Hexes          | 1 2 3 4 6 7 9 |  9.2
Short Blades   | 1 2 4 6 7 |  7.8
Stealth        | 4 7 |  7.8
Dodging        | |  3.0

Action                   |  1- 3 |  4- 6 |  7- 9 || total
-------------------------+-------+-------+-------++-------
Melee: Dagger            |    24 |    50 |   220 ||   294
 Cast: Pain              |    35 |   130 |   259 ||   424
       Confuse           |       |    17 |    49 ||    66
  Use: Potion            |       |       |     4 ||     4
       Scroll            |       |       |     2 ||     2
 Stab: Sleeping          |     2 |     2 |     2 ||     6
       Confused          |       |     8 |    25 ||    33
  Eat: Bread ration      |       |     1 |     1 ||     2
Armor: Robe              |     3 |       |    11 ||    14
       Skin              |       |       |    28 ||    28
Dodge: Dodged            |    21 |    24 |   155 ||   200
